 Dungeon Crawl Stone Soup version 0.29.1 (webtiles) character file.

Game seed: 7515886025745314471

32 foggy the Covered (level 3, 33/33 HPs)
             Began as a Minotaur Fighter on Sept 14, 2022.
             Was an Initiate of Ashenzari.
             Quit the game on level 2 of the Dungeon.
             The game lasted 00:07:28 (907 turns).

foggy the Covered (Minotaur Fighter)                 Turns: 907, Time: 00:07:28

Health: 33/33      AC: 10    Str: 22    XL:     3   Next: 8%
Magic:  2/2        EV:  9    Int:  5    God:    Ashenzari [......]
Gold:   38         SH:  4    Dex:  9    Spells: 2/2 levels left

rFire   . . .      SeeInvis .   a - +0 war axe
rCold   . . .      Faith    .   c - +0 buckler
rNeg    . . .      Spirit   .   b - +0 scale mail
rPois   .          Reflect  .   (helmet restricted)
rElec   .          Harm     .   (no cloak)
rCorr   .          Rampage  .   g - +2 pair of gloves
Will    .....                   (no boots)
Stlth   ..........              (no amulet)
HPRegen 0.11/turn               (no ring)
MPRegen 0.08/turn               (no ring)

@: no status effects
A: horns 2, retaliatory headbutt
a: Renounce Religion, Curse Item


You were on level 2 of the Dungeon.
You worshipped Ashenzari.
Ashenzari was noncommittal.
You visited 1 branch of the dungeon, and saw 2 of its levels.

You collected 38 gold pieces.

Inventory:

Hand Weapons
 a - a +0 war axe (weapon)
Armour
 b - a +0 scale mail (worn)
 c - a +0 buckler (worn)
 g - a +2 pair of gloves (worn)
Scrolls
 e - a scroll of enchant armour {unknown}
 f - a scroll of amnesia {unknown}
 h - 2 scrolls of identify {unknown}
 i - a scroll of noise {unknown}
 m - a scroll of teleportation {unknown}
 n - 3 scrolls of silence {unknown}
Potions
 d - 2 potions of might
 j - a potion of curing {unknown}
 k - a potion of invisibility {unknown}
 l - a potion of mutation {unknown}


   Skills:
 + Level 4.1 Fighting
 + Level 3.1 Axes
 + Level 4.2 Armour
 + Level 0.1 Dodging
 + Level 3.8 Shields


You had 2 spell levels left.
You didn't know any spells.
Your spell library contained the following spells:

 Spells                   Type           Power      Damage    Failure   Level
 Freeze                   Ice            0%         1d3       87%         1


Dungeon Overview and Level Annotations

Branches:
Dungeon (2/15)

Altars:
Ashenzari

Shops:
D:2 =


Innate Abilities, Weirdness & Mutations

You have a pair of horns on your head.
You reflexively headbutt those who attack you in melee.


Message History

The worm barely misses you.
You hit the worm.
The worm is almost dead.
The worm bites you but does no damage.
You barely miss the worm. You headbutt the worm.
You kill the worm!
Your Axes skill increases to level 3!
You have reached level 3!
Your experience leads to an increase in your attributes!
Increase (S)trength, (I)ntelligence, or (D)exterity?
You feel stronger. x2
HP restored.
Found a stone staircase leading up.
Found a ring mail.
There is a stone staircase leading up here.
Found a stone staircase leading down.
m - a scroll labelled ECOITA ZUONTE A hobgoblin comes into view.
The hobgoblin shouts!
A hobgoblin comes into view.
Found Yhiogg's Jewellery Shop.
The hobgoblin hits you.
You closely miss the hobgoblin. The hobgoblin barely misses you.
You slash the hobgoblin!
You kill the hobgoblin!
The hobgoblin hits you but does no damage.
The hobgoblin closely misses you.
You barely miss the hobgoblin. The hobgoblin hits you.
You slash the hobgoblin!
You kill the hobgoblin!
HP restored.
There is an entrance to Yhiogg's Jewellery Shop here.
Found a hand axe.
n - 3 scrolls labelled SUTTIC FAWNARO
Found a scroll labelled ITUTHRA GAUTT.
You see here a +0 hand axe.
Ashenzari invites you to partake of a vision and a curse of fortitude and beguiling.
h - 2 scrolls labelled ITUTHRA GAUTT (gained 1)
Okay, then.
Okay, then.
Are you sure you want to abandon this character and quit the game? (Confirm with "yes".)

###.####......
#...........
##.####......
#....##..####
########....##..#
............##..#
######.....##..#
#.#########)....###.#
#......@......### ..
############....#
#..#.... ...#####
#.## .# .# .#


There were no monsters in sight!

Vanquished Creatures
  A worm (D:2)
  4 ball pythons (D:1)
  An endoplasm (D:1)
  2 giant cockroaches
  2 goblins (D:1)
  4 hobgoblins
  2 quokkas
  2 frilled lizards (D:1)
  5 kobolds (D:1)
  3 rats
26 creatures vanquished.

Vanquished Creatures (others)
  A plant (D:1)
1 creature vanquished.

Grand Total: 27 creatures vanquished

Notes
Turn   | Place    | Note
-------+----------+-------------------------------------------
     0 | D:1      | foggy the Minotaur Fighter began the quest for the Orb.
     0 | D:1      | Reached XP level 1. HP: 19/19 MP: 0/0
   192 | D:1      | Reached XP level 2. HP: 25/27 MP: 1/1
   265 | D:1      | Found a faded altar of an unknown god.
   273 | D:1      | Got Plato's Meditations on Cold
   285 | D:1      | Prayed at the altar of an unknown god.
   285 | D:1      | Became a worshipper of Ashenzari the Shackled
   743 | D:2      | Reached XP level 3. HP: 32/33 MP: 2/2
   822 | D:2      | Found Yhiogg's Jewellery Shop.
   907 | D:2      | Quit the game

Illustrated notes

Levels and vault maps discovered:
D:1:      scummos_arrival_checkerplants, layout_basic,
          shapermc_ecumenical_altar_rom_forum
D:2:      layout_basic, serial_shops, shop, shop

Skill      XL: |  1  2 |
---------------+-------+-----
Armour         | 4 |  4.2
Fighting       | 4 |  4.1
Axes           | 3 |  3.1
Dodging        | |  0.1
Shields        | |  3.8

Action                   || total
-------------------------++-------
Melee: War axe           ||    59
       Headbutt          ||     7
Armor: Scale mail        ||    29
Dodge: Dodged            ||    37
Block: Buckler           ||    11
